 Dungeon Crawl Stone Soup version 0.30-a0-373-gd37427bb62 (webtiles) character file.

Game seed: 9849737499693475030

2642 ryw the Caller (level 9, -10/65 HPs)
             Began as a Demonspawn Summoner on Nov 23, 2022.
             Killed from afar by a steam dragon (18 damage)
             ... with a ball of steam
             ... on level 8 of the Dungeon.
             The game lasted 00:20:47 (8222 turns).

ryw the Caller (Demonspawn Summoner)                Turns: 8222, Time: 00:20:48

Health: -10/65     AC:  6    Str: 10    XL:     9   Next: 35%
Magic:  6/18       EV: 17    Int: 20    God:
Gold:   428        SH:  6    Dex: 13    Spells: 8/20 levels left

rFire   . . .      SeeInvis .    t - +1 halberd
rCold   . . .      Faith    +    (shield currently unavailable)
rNeg    . . .      Spirit   .    a - +0 robe
rPois   .          Reflect  .    (helmet restricted)
rElec   .          Harm     .    (no cloak)
rCorr   .          Rampage  .    (no gloves)
Will    .....                    (no boots)
Stlth   ++........               e - amulet of faith
HPRegen 0.30/turn                f - +4 ring of protection
MPRegen 0.32/turn                u - +4 ring of evasion

@: no status effects
A: antennae 2, large bone plates 2, ignite blood 2, magic regeneration
a: no special abilities


You were on level 8 of the Dungeon.
You visited 2 branches of the dungeon, and saw 9 of its levels.
You also visited: Sewer and Ossuary.

You collected 428 gold pieces.

Inventory:

Hand Weapons
 t - a +1 halberd (weapon)
Armour
 a - a +0 robe (worn)
Jewellery
 e - an amulet of faith (around neck)
 f - a +4 ring of protection (left hand)
 h - an amulet of the acrobat
 u - a +4 ring of evasion (right hand)
Wands
 c - a wand of digging (4)
 v - a wand of flame (19)
Scrolls
 i - 3 scrolls of teleportation
 m - a scroll of silence
 n - a scroll of fog
 w - a scroll of amnesia
Potions
 b - a potion of magic
 d - 2 potions of flight
 g - 4 potions of curing
 j - a potion of berserk rage
 k - a potion of invisibility
 l - 4 potions of haste
 o - a potion of degeneration {unknown}
 p - 2 potions of heal wounds
 q - 2 potions of might
 r - 3 potions of resistance
 s - a potion of attraction {unknown}
 x - 3 potions of lignification


   Skills:
 + Level 3.8 Fighting
 + Level 3.5 Polearms
 + Level 4.1 Dodging
 - Level 1.7 Stealth
 + Level 6.0 Spellcasting
 + Level 3.7 Hexes
 + Level 7.4 Summonings
 + Level 3.4 Air Magic


You had 8 spell levels left.
You knew the following spells:

 Your Spells              Type           Power      Damage    Failure   Level
a - Call Canine Familiar  Summ           36%        N/A       1%          3
b - Call Imp              Summ           36%        N/A       1%          2
c - Summon Guardian Gole  Hex/Summ       28%        N/A       3%          3
d - Summon Lightning Spi  Summ/Air       27%        N/A       11%         4

Your spell library contained the following spells:

 Spells                   Type           Power      Damage    Failure   Level
 Summon Small Mammal      Summ           100%       N/A       1%          1
 Summon Ice Beast         Ice/Summ       21%        N/A       22%         4
 Frozen Ramparts          Ice            12%        1d2       30%         3
 Ice Form                 Ice/Tmut       6%         N/A       71%         4


Dungeon Overview and Level Annotations

Branches:
Dungeon (8/15)             Temple (1/1) D:5           Sewer (visited)
Ossuary (visited)
   Lair: D:8-11

Altars:
Ashenzari
Cheibriados
Dithmenos
Fedhas
Gozag
Kikubaaqudgha
Makhleb
Nemelex Xobeh
Okawaru
Qazlal
Ru
Sif Muna
Trog
Uskayaw
Vehumet
Xom
Yredelemnul

Shops:
D:4 [   D:5 :   D:6 :!


Innate Abilities, Weirdness & Mutations

You have a pair of antennae on your head.
You are mostly covered in large bone plates. (SH +6)
Your demonic aura often causes spilled blood to erupt in flames.
You regenerate magic rapidly.


Message History

Your hound disappears in a puff of smoke!
You are too injured to fight recklessly!
Reach: t) +1 halberd
Press: ? - help, Dir - move target, f - nameless horror
Aim: a nameless horror (lightly damaged, durably summoned, ally target, about 12% to evade your +1 halberd)
You reach to attack!
You puncture the nameless horror!
The nameless horror is severely damaged.
You are engulfed in a cloud of scalding steam.
Your wolf is engulfed in a cloud of scalding steam.
Your wolf bites the nameless horror.
You hit the nameless horror but do no damage.
The nameless horror is almost destroyed.
Your wolf bites the nameless horror but does no damage.
The nameless horror completely misses you.
Your wolf bites the nameless horror!
The nameless horror is destroyed!
You block the steam dragon's attack.
The steam dragon claws you but does no damage.
Your magical contamination has completely faded away.
You closely miss the steam dragon.
The steam dragon is moderately wounded.
Your wolf bites the steam dragon.
Your wolf bites the steam dragon!
The steam dragon breathes steam at you. The ball of steam hits you!
* * * LOW HITPOINT WARNING * * *
The steam dragon attacks as you move away!
The steam dragon bites you.
* * * LOW HITPOINT WARNING * * *
The steam dragon closely misses you.
Your wolf bites the steam dragon but does no damage.
The steam dragon bites your lightning spire!
The steam dragon claws your lightning spire.
Your wolf barely misses the steam dragon.
The goblin splashes around in the water.
Your wolf closely misses the steam dragon.
The steam dragon breathes steam at you.
The ball of steam hits your lightning spire.
Your lightning spire resists.
The ball of steam hits you!!
You die...

... #.# #..# ._. #..######
###.# #........ ### $...
#........ ###.#######
#.###.......## #.....#...#
#........<#..#
##........###...........##
##...##...@§8Dh..#.......
##......~~~~~g~).....#
#..##..~#####~.....§#
##.###.~# {#~......... #
###...~# #~...)..... # .##
###....~# { #~g........ #.
..###......≈# #~......... #..
#.#.......~~~~~≈~.........
#...#.............gg..§.......


You could see a goblin and a friendly lightning spire (summoned).

Vanquished Creatures
  A water moccasin (D:4)
  A black bear (D:7)
  A sky beast (D:6)
  An ice beast (D:6)
  A centaur (D:6)
  A bullfrog (D:7)
  4 necrophages
  A scorpion (D:5)
  A howler monkey (D:5)
  A centaur zombie (Ossuary)
  4 hounds
  A jelly (D:8)
  2 orc priests
  An iguana (D:6)
  4 orc wizards
  A hound skeleton (D:4)
  A hound zombie (Ossuary)
  A mummy (Ossuary)
  4 gnolls
  12 adders
  A white imp (D:5)
  An ufetubus (D:6)
  An adder zombie (Ossuary)
  A dart slug (D:3)
  8 orcs
  2 ball pythons (D:1)
  4 bats (D:1)
  6 endoplasms
  6 giant cockroaches
  3 goblins
  3 hobgoblins
  6 quokkas
  A goblin zombie (Ossuary)
  3 hobgoblin zombies (Ossuary)
  5 kobolds
  3 orc zombies (Ossuary)
  5 quokka zombies (Ossuary)
  A rat (D:3)
  A rat zombie (Ossuary)
105 creatures vanquished.

Vanquished Creatures (collateral kills)
  2 ice beasts
  A sky beast (D:6)
  A black bear (D:5)
  A kobold brigand (D:8)
  A nameless horror (D:8)
  An elf zombie (Ossuary)
  A necrophage (D:7)
  3 jellies (Sewer)
  2 human zombies (Ossuary)
  A gnoll bouda (D:5)
  An orc priest (D:8)
  An orc wizard (D:8)
  A hound zombie (Ossuary)
  2 mummies (Ossuary)
  6 gnolls
  6 adders
  An adder zombie (Ossuary)
  2 worms (D:2)
  4 dart slugs
  9 orcs
  3 ball pythons
  3 bats
  9 endoplasms (Sewer)
  5 giant cockroaches
  6 goblins
  7 hobgoblins
  2 quokkas
  3 frilled lizards
  4 goblin zombies (Ossuary)
  A hobgoblin zombie (Ossuary)
  A jackal zombie (Ossuary)
  9 kobolds
  A kobold zombie (Ossuary)
  An orc zombie (Ossuary)
  2 quokka zombies (Ossuary)
  7 rats
  2 rat zombies (Ossuary)
113 creatures vanquished.

Vanquished Creatures (others)
  A human (D:7)
  A scorpion (D:5)
  2 orcs (D:6)
  14 plants
18 creatures vanquished.

Grand Total: 236 creatures vanquished

Notes
Turn   | Place    | Note
-------+----------+-------------------------------------------
     0 | D:1      | ryw the Demonspawn Summoner began the quest for the Orb.
     0 | D:1      | Reached XP level 1. HP: 13/13 MP: 3/3
   248 | D:1      | Gained mutation: Your demonic aura sometimes causes spilled
                  | blood to erupt in flames. [demonic ancestry]
   248 | D:1      | Reached XP level 2. HP: 16/19 MP: 3/5
   432 | D:1      | Found a faded altar of an unknown god.
   450 | D:1      | Learned a level 2 spell: Call Imp
   652 | D:1      | Gained mutation: You have a pair of small antennae on your
                  | head. [demonic ancestry]
   652 | D:1      | Reached XP level 3. HP: 24/24 MP: 5/7
  1347 | D:1      | Learned a level 3 spell: Call Canine Familiar
  1612 | D:2      | Gained mutation: You have a pair of antennae on your head.
                  | [demonic ancestry]
  1612 | D:2      | Reached XP level 4. HP: 30/30 MP: 3/8
  1881 | D:2      | Reached skill level 5 in Summonings
  1949 | D:2      | Found an iron altar of Okawaru.
  2838 | D:3      | Gained mutation: Your demonic aura often causes spilled
                  | blood to erupt in flames. [demonic ancestry]
  2838 | D:3      | Reached XP level 5. HP: 35/35 MP: 10/10
  3193 | D:3      | Found a glowing drain.
  3202 | Sewer    | Entered a sewer
  3527 | Sewer    | Gained mutation: You are partially covered in large bone
                  | plates. (SH +4) [demonic ancestry]
  3527 | Sewer    | Reached XP level 6. HP: 39/41 MP: 6/12
  3641 | Sewer    | Reached skill level 6 in Summonings
  3651 | Sewer    | Found a viscous altar of Jiyva.
  3868 | D:3      | Found an iron altar of Okawaru.
  4081 | D:3      | Learned a level 3 spell: Summon Guardian Golem
  4086 | D:3      | Learned a level 4 spell: Summon Lightning Spire
  4294 | D:4      | Found a shimmering blue altar of Sif Muna.
  4545 | D:4      | Found Werir's Armour Shoppe.
  4589 | D:4      | Gained mutation: You regenerate magic rapidly. [demonic
                  | ancestry]
  4589 | D:4      | Reached XP level 7. HP: 46/47 MP: 9/14
  4820 | D:4      | Found a burning altar of Makhleb.
  4835 | D:4      | Reached skill level 1 in Fighting
  4835 | D:4      | Reached skill level 1 in Polearms
  4835 | D:4      | Reached skill level 1 in Hexes
  4839 | D:4      | Reached skill level 1 in Air Magic
  4988 | D:5      | Entered Level 5 of the Dungeon
  5006 | D:5      | Found a sand-covered staircase.
  5016 | Ossuary  | Entered an ossuary
  5112 | Ossuary  | Reached skill level 5 in Spellcasting
  5458 | D:5      | Gained mutation: You are mostly covered in large bone
                  | plates. (SH +6) [demonic ancestry]
  5458 | D:5      | Reached XP level 8. HP: 55/56 MP: 7/15
  5571 | D:5      | Found a basalt altar of Yredelemnul.
  5806 | D:5      | Found Cobiog's Vocational Training.
  5959 | D:5      | Found a broken altar of Ashenzari.
  6077 | D:5      | Found a staircase to the Ecumenical Temple.
  6086 | Temple   | Entered the Ecumenical Temple
  6356 | D:6      | Found a stormy altar of Qazlal.
  6385 | D:6      | Reached skill level 7 in Summonings
  6465 | D:6      | Found Keffikk's Distillery.
  6641 | D:6      | Found Homuefu's Self-Improvement Boutique.
  7146 | D:6      | Reached XP level 9. HP: 28/64 MP: 14/17
  7591 | D:7      | Found an ancient bone altar of Kikubaaqudgha.
  7597 | D:7      | Found a snail-covered altar of Cheibriados.
  8093 | D:8      | Found a bloodstained altar of Trog.
  8185 | D:8      | Found an opulent altar of Gozag.
  8222 | D:8      | Killed from afar by a steam dragon

Illustrated notes

Levels and vault maps discovered:
D:1:      dpeg_arrival_boxes_within_box, layout_basic, serial_forest,
          infiniplex_forest_clump_C, infiniplex_forest_straight_4,
          infiniplex_forest_clump_tiny, infiniplex_forest_lined_2,
          infiniplex_forest_3_way, infiniplex_forest_corner_1,
          infiniplex_forest_corner_1, hellmonk_ecumenical_altar_inner_sanctum
D:2:      layout_loops_corners, basic_altar
D:3:      layout_rooms, hellmonk_okawaru_the_only_friend_you_need,
          gup_sewer_entry_pipe, minivault_25, serial_bayou_pond_c
D:4:      layout_loops_ring, makhleb_blood_cavern_becter,
          nicolae_sif_muna_condensation, serial_shops, kennysheep_little_box
D:5:      layout_rooms, ashenzari_conservatory_becter,
          mainiacjoe_overflow_boulevard, minmay_temple_entry_fiery,
          nicolae_ossuary_entry_monument, nicolae_shop_vocational
D:6:      layout_loops_ring, grunt_qazlal_clouds, serial_shops,
          nicolae_inconvenience_store, nicolae_shop_self_help
D:7:      layout_rooms, dreamdust_divine_triumvirate,
          mainiacjoe_overflow_concentric_impassable, tgw_kikubaaqudgha,
          minmay_misc_feat_rugged
D:8:      layout_cave_pools, nicolae_gozag_cash_rules_everything_around_me,
          nicolae_overflow_crystal_walls, enter_bailey_3,
          guppyfry_early_elven_hall
Temple:   hellmonk_temple_of_storms

Skill      XL: |  1  2  3  4  5  6  7  8  9 |
---------------+----------------------------+-----
Spellcasting   | 3 4 5 6 |  6.0
Summonings     | 5 6 7 |  7.4
Dodging        | 2 3 4 |  4.1
Fighting       | 2 3 |  3.8
Polearms       | 2 3 |  3.5
Hexes          | 1 3 |  3.7
Air Magic      | 1 3 |  3.4
Stealth        | |  1.7

Action                   |  1- 3 |  4- 6 |  7- 9 || total
-------------------------+-------+-------+-------++-------
Melee: Unarmed           |    15 |       |       ||    15
       Dagger            |    59 |       |       ||    59
       Trident           |       |    85 |       ||    85
       Spear             |       |    18 |       ||    18
       Punch             |       |     1 |       ||     1
       Halberd           |       |    53 |   189 ||   242
 Cast: Summon Small Mamm |    22 |     2 |       ||    24
       Call Imp          |    12 |    17 |    20 ||    49
       Call Canine Famil |     2 |    23 |    46 ||    71
       Summon Guardian G |       |       |    11 ||    11
       Summon Lightning  |       |       |     5 ||     5
  Use: Scroll            |       |     6 |    14 ||    20
 Stab: Sleeping          |     2 |     6 |       ||     8
       Distracted        |     1 |       |     1 ||     2
Armor: Robe              |    43 |    42 |    45 ||   130
Dodge: Dodged            |    60 |    67 |    92 ||   219
Block: Other             |       |    11 |    43 ||    54

Table legend: (Time is in decaauts)
 A = Elapsed time spent in this place.
 B = Non-inter-level travel time spent in this place.
 C = Inter-level travel time spent in this place.
 D = Time resting spent in this place.
 E = Time spent auto-exploring this place.
 F = Levels seen in this place.
 G = Mean time per level.
                   A        B        C        D        E       F      G
               +--------+--------+--------+--------+--------+-----+--------+
         Total |   8409 |   8140 |    269 |    410 |   5780 |  11 |  764.5 |
       Dungeon |   7354 |   7091 |    263 |    370 |   5182 |   8 |  919.2 |
        Temple |     40 |     34 |      6 |      0 |     28 |   1 |   40.0 |
         Sewer |    561 |    561 |      0 |      0 |    424 |   1 |  561.0 |
       Ossuary |    452 |    452 |      0 |     40 |    146 |   1 |  452.0 |
               +--------+--------+--------+--------+--------+-----+--------+

Top non-repeatable levels by time:
     D:1: 1372 daAuts
     D:2: 1330 daAuts
     D:4: 1106 daAuts
     D:6: 987 daAuts
     D:3: 921 daAuts
     D:5: 726 daAuts
     D:7: 625 daAuts
   Sewer: 561 daAuts
 Ossuary: 452 daAuts
     D:8: 284 daAuts
  Temple: 40 daAuts
